 Dungeon Crawl Stone Soup version 0.22-a0-162-g33bf127 (webtiles) character file.

4747 galech the Grappler (level 10, 0/104 HPs)
             Began as a Troll Monk on Feb 12, 2018.
             Was a High Priest of Okawaru.
             Succumbed to a killer bee's poison
             ... on level 9 of the Dungeon.
             The game lasted 00:16:02 (6710 turns).

galech the Grappler (Troll Monk)                    Turns: 6710, Time: 00:16:03

Health: 0/104      AC:  6    Str: 24    XL:     10   Next: 23%
Magic:  7/9        EV: 13    Int:  6    God:    Okawaru [*****.]
Gold:   450        SH:  0    Dex: 12    Spells: 9/9 levels left

rFire    + . .     SeeInvis .     - Unarmed
rCold    + . .     Gourm    +   (no shield)
rNeg     . . .     Faith    .   a - +0 robe
rPois    .         Spirit   .   (helmet restricted)
rElec    .         Reflect  .   m - +0 cloak
rCorr    .         Harm     .   (gloves unavailable)
MR       +....                  (boots unavailable)
Stlth    +++.......             s - amulet of the acrobat
HPRegen  0.67/turn              d - ring of protection from cold
MPRegen  0.11/turn              t - ring of protection from magic

@: lethally poisoned (0 -> -18), heroism
A: large, unfitting armour, claws 3, deterioration 1, fire resistance 1, fast
metabolism 3, gourmand, regeneration 1, shaggy fur 1, tough skin 2
a: Heroism, Finesse, Renounce Religion


You were on level 9 of the Dungeon.
You worshipped Okawaru.
Okawaru was extremely pleased with you.
You were completely stuffed.

You visited 1 branch of the dungeon, and saw 9 of its levels.
You also visited: Ossuary.

You collected 450 gold pieces.

Inventory:

Armour
 a - a +0 robe (worn)
 e - a scarf of repulsion
 m - a +0 cloak (worn)
Jewellery
 d - a ring of protection from cold (left claw)
 q - an uncursed amulet of rage
 r - an uncursed ring of stealth
 s - an amulet of the acrobat (around neck)
 t - a ring of protection from magic (right claw)
 z - an uncursed ring of see invisible
Wands
 j - a wand of polymorph (15)
 l - a wand of acid (9)
 y - a wand of disintegration (15)
 C - a wand of paralysis (15)
 D - a wand of flame (14)
Scrolls
 c - 2 scrolls of holy word {unknown}
 f - a scroll of magic mapping
 g - 3 scrolls of amnesia {unknown}
 h - a scroll of random uselessness
 i - 4 scrolls of remove curse
 o - a scroll of fear
 p - 2 scrolls of immolation {unknown}
 u - a scroll of identify
 x - 2 scrolls of teleportation {unknown}
 A - a scroll of enchant weapon {unknown}
 F - a scroll of enchant armour {unknown}
Potions
 k - 4 potions of agility
 v - a potion of ambrosia {unknown}
 w - 2 potions of degeneration {unknown}
 B - 2 potions of haste {unknown}
 G - a potion of heal wounds {unknown}
Comestibles
 b - 12 rations


   Skills:
 + Level 7.7(12.7) Fighting
 - Level 2.7(7.7) Dodging
 - Level 1.0(6.0) Stealth
 * Level 12.3(17.3) Unarmed Combat


You had 9 spell levels left.
You didn't know any spells.

Dungeon Overview and Level Annotations

Branches:
Dungeon (9/15)             Temple (0/1) D:4            Lair (0/6) D:8
    Orc: D:9-12

Altars:
Ashenzari
Okawaru
Sif Muna
Trog
Vehumet
Xom
Yredelemnul
Zin

Shops:
D:8 [

Annotations:
D:4 Blork the orc


Innate Abilities, Weirdness & Mutations

You are too large for most types of armour.
You have claws for hands.
Your metabolism is lightning-fast.
You like to eat raw meat.
Your natural rate of healing is unusually fast.
You are covered in fur. (AC +1)
You have very tough skin. (AC +2)
Your body sometimes deteriorates upon taking damage.
Your flesh is heat resistant. (rF+)


Message History

* * * LOW HITPOINT WARNING * * *
You are more poisoned.
The killer bee poisons you!
You miss the killer bee.
You kill the killer bee!
Okawaru accepts your kill.
You feel sick. The killer bee stings you!
* * * LOW HITPOINT WARNING * * *
A centaur skeleton comes into view.
* * * LOW HITPOINT WARNING * * *
You feel sick. The killer bee misses you.
You barely miss the killer bee.
* * * LOW HITPOINT WARNING * * *
You feel sick. The killer bee stings you.
* * * LOW HITPOINT WARNING * * *
You are more poisoned.
The killer bee poisons you!
The killer bee stings you but does no damage.
You closely miss the killer bee.
You die...

*,,,,,,,,,,,,,**,,,.....####..
***,******#..##*>**#..........
*,* #....,,* ##.####†### *,*
#..Z#*** #.# #.# *,* #...#
#####.####.# *,* #...#
#..........# *,* #...#
#.###.###### *,* #...###.# #.#
*,* #..@....# #.#
*,########.y#######.#
*,..................#
*,########........### *,*
##.#####.# *,* #.#
###.#######*** *,* #.#
#..........,,, ****,* #.#
#.....#######* *,,,,* ****#.#
#.........)..<


You could see a killer bee and a centaur skeleton (wandering).

Vanquished Creatures
  A queen bee (D:9)
  A hornet (D:7)
  The ghost of mhoghedin the Ruffian, an amateur DrTm (D:3)
  2 hell hounds (D:8)
  An orc warrior (D:5)
  A phantom (D:4)
  2 sky beasts
  7 ogres
  2 centaurs (D:7)
  A big kobold (D:7)
  An elf zombie (Ossuary)
  2 bullfrogs (D:6)
  A gnoll sergeant (D:5)
  A scorpion (D:6)
  12 killer bees
  8 wights
  A howler monkey (D:4)
  3 crimson imps (D:7)
  A bullfrog zombie (D:9)
  5 centaur zombies
  2 human zombies
  2 hounds
  5 orc priests
  A bullfrog skeleton (D:4)
  4 iguanas
  8 orc wizards
  12 worker ants
  2 big kobold zombies (Ossuary)
  2 mummies (Ossuary)
  A worker ant zombie (D:7)
  4 gnolls
  11 adders
  A shadow imp (D:5)
  An ooze (D:4)
  2 adder zombies
  2 adder skeletons
  3 worms
  A dart slug (D:3)
  15 leopard geckos
  30 orcs
  A ball python (D:1)
  7 giant cockroaches
  A gnoll zombie (D:7)
  4 goblins
  12 hobgoblins
  13 jackals
  A ball python skeleton (D:4)
  10 bats
  11 frilled lizards
  6 hobgoblin zombies (Ossuary)
  2 jackal zombies (Ossuary)
  8 kobolds
  11 kobold zombies (Ossuary)
  9 orc zombies (Ossuary)
  A quokka skeleton (D:4)
  8 rats
268 creatures vanquished.

Notes
Turn   | Place    | Note
-------+----------+-------------------------------------------
     0 | D:1      | galech the Troll Monk began the quest for the Orb.
     0 | D:1      | Reached XP level 1. HP: 22/22 MP: 0/0
   120 | D:1      | Reached XP level 2. HP: 28/29 MP: 1/1
   652 | D:2      | Reached XP level 3. HP: 32/36 MP: 2/2
   680 | D:2      | Found an iron altar of Okawaru.
   697 | D:2      | Became a worshipper of Warmaster Okawaru
   697 | D:2      | Reached * piety under Okawaru
   697 | D:2      | Reached ** piety under Okawaru
   884 | D:2      | Reached skill level 4 in Unarmed Combat
  1036 | D:2      | Reached XP level 4. HP: 45/45 MP: 3/3
  1199 | D:3      | Noticed mhoghedin's ghost (amateur DrTm)
  1324 | D:3      | Killed mhoghedin's ghost
  1324 | D:3      | Reached skill level 5 in Unarmed Combat
  1324 | D:3      | Reached XP level 5. HP: 53/53 MP: 1/4
  1424 | D:3      | Reached XP level 6. HP: 60/62 MP: 5/5
  1448 | D:3      | Reached *** piety under Okawaru
  1457 | D:3      | HP: 1/62 [ogre/giant club (20)]
  1458 | D:3      | Reached skill level 6 in Unarmed Combat
  1856 | D:3      | Found a runed door.
  1856 | D:3      | Noticed a human
  1862 | D:3      | Found a basalt altar of Yredelemnul.
  1940 | D:3      | Noticed an angel
  1941 | D:3      | Found a glowing silver altar of Zin.
  2156 | D:4      | Reached XP level 7. HP: 66/70 MP: 6/6
  2263 | D:4      | Reached skill level 7 in Unarmed Combat
  2301 | D:4      | Reached **** piety under Okawaru
  2493 | D:4      | Noticed Blork the orc
  2500 | D:4      | Found a deep blue altar of Sif Muna.
  2591 | D:4      | Gained mutation: Your spells are a little easier to cast, but a little less powerful. [potion of mutation]
  2591 | D:4      | Lost mutation: Your spells are a little easier to cast, but a little less powerful. [potion of mutation]
  2591 | D:4      | Gained mutation: You are agile. (Dex +2) [potion of mutation]
  2828 | D:4      | Found a staircase to the Ecumenical Temple.
  3135 | D:4      | Lost mutation: You are agile. (Dex +2) [potion of mutation]
  3135 | D:4      | Gained mutation: You are agile. (Dex +2) [potion of mutation]
  3135 | D:4      | Lost mutation: You are agile. (Dex +2) [potion of mutation]
  3135 | D:4      | Gained mutation: Your body sometimes deteriorates upon taking damage. [potion of mutation]
  3135 | D:4      | Gained mutation: Your flesh is heat resistant. (rF+) [potion of mutation]
  3165 | D:5      | Entered Level 5 of the Dungeon
  3224 | D:5      | Reached skill level 5 in Fighting
  3224 | D:5      | Reached skill level 8 in Unarmed Combat
  3311 | D:5      | Reached XP level 8. HP: 54/80 MP: 7/7
  4073 | D:5      | Reached skill level 9 in Unarmed Combat
  4516 | D:6      | Reached skill level 10 in Unarmed Combat
  4516 | D:6      | Reached XP level 9. HP: 52/89 MP: 8/8
  4707 | D:7      | Found a radiant altar of Vehumet.
  4764 | D:7      | Found a sand-covered staircase.
  4783 | Ossuary  | Entered an ossuary
  4835 | Ossuary  | Reached ***** piety under Okawaru
  5075 | D:7      | HP: 4/92 [killer bee (8)]
  5077 | D:7      | HP: 1/92 [killer bee (4)]
  5313 | D:7      | Reached skill level 11 in Unarmed Combat
  5821 | D:7      | Found a shimmering altar of Xom.
  5821 | D:7      | Found a faded altar of an unknown god.
  5826 | D:7      | Found a shattered altar of Ashenzari.
  5828 | D:7      | Found a faded altar of an unknown god.
  5829 | D:7      | Found a bloodstained altar of Trog.
  6014 | D:8      | Found a staircase to the Lair.
  6123 | D:8      | Found Yxum's Antique Armour Shop.
  6286 | D:8      | Reached XP level 10. HP: 78/102 MP: 9/9
  6467 | D:9      | Reached skill level 12 in Unarmed Combat
  6707 | D:9      | HP: 5/104 [killer bee (9)]
  6709 | D:9      | HP: 1/104 [killer bee (2)]
  6710 | D:9      | Succumbed to a killer bee's poison

Vault maps used:
D:1:      minmay_arrival_solitary_statue, minmay_misc_feat_iff
D:2:      okawaru_gym_becter
D:3:      zin_angel, dk_yredelemnul_ordeal
D:4:      temple_green, first_ration, grunt_decor_mini_mirrors, tgw_sif
D:5:      dk_noncrumbling_4, guppyfry_early_orc_mine
D:6:      minmay_lizard_king
D:7:      chequers_temple_overflow_minitemple, enter_ossuary_3, basic_altar
D:8:      minmay_lair_entry_lava, serial_shops, nicolae_shop_behind_doors
D:9:      kennysheep_mini_moat, old_standard_altar, enter_bailey_3,
          serial_shops, shop, david_nohive_1
Ossuary:  ossuary_tomb_1

Skill      XL: |  1  2  3  4  5  6  7  8  9 10 |
---------------+-------------------------------+-----
Unarmed Combat | 4 5 6 8 10 11 12 | 12.3
Fighting       | 3 4 5 6 7 |  7.7
Dodging        | |  2.7
Stealth        | |  1.0

Action                   |  1- 3 |  4- 6 |  7- 9 | 10-12 || total
-------------------------+-------+-------+-------+-------++-------
Melee: Unarmed           |   103 |   123 |   434 |    55 ||   715
       Punch             |       |     3 |    22 |     1 ||    26
Invok: Heroism           |       |     1 |     3 |     3 ||     7
  Use: Potion            |       |       |     7 |     1 ||     8
       Scroll            |       |       |     4 |     1 ||     5
 Stab: Sleeping          |     5 |       |     4 |       ||     9
       Distracted        |       |       |     1 |       ||     1
  Eat: Chunk             |    15 |    10 |    38 |     4 ||    67
Armor: Robe              |    47 |    49 |   127 |    14 ||   237
       Skin              |       |       |     1 |       ||     1
Dodge: Dodged            |    52 |    80 |   272 |    42 ||   446

Table legend:
 A = Spawn XP
 B = Non-spawn XP
 C = Spawn XP percentage of total XP
 D = Spawn monster count
 E = Non-spawn monster count
 F = Spawn count percentage of total count
 G = Total turns spent on level
                    A         B        C        D         E        F      G
               +---------+---------+-------+---------+---------+-------+---------
         Total |       0 |    6782 |   0.0 |       0 |     268 |   0.0 |  6710
               +---------+---------+-------+---------+---------+-------+---------
           D:1 |       0 |      37 |   0.0 |       0 |      22 |   0.0 |   552
           D:2 |       0 |     107 |   0.0 |       0 |      28 |   0.0 |   829
           D:3 |       0 |     509 |   0.0 |       0 |      37 |   0.0 |   721
           D:4 |       0 |     587 |   0.0 |       0 |      23 |   0.0 |  1130
           D:5 |       0 |     793 |   0.0 |       0 |      30 |   0.0 |   846
           D:6 |       0 |     952 |   0.0 |       0 |      27 |   0.0 |   544
           D:7 |       0 |    1501 |   0.0 |       0 |      38 |   0.0 |  1165
           D:8 |       0 |     821 |   0.0 |       0 |      11 |   0.0 |   464
           D:9 |       0 |    1074 |   0.0 |       0 |      14 |   0.0 |   250
       Ossuary |       0 |     401 |   0.0 |       0 |      38 |   0.0 |   209
               +---------+---------+-------+---------+---------+-------+---------
